 Dungeon Crawl Stone Soup version 0.25-a0-294-gea9b1ad378 (webtiles) character file.

Game seed: 12726704478526145074, levelgen mode: deterministic

493 Franky the Ducker (level 6, -13/30 HPs)
             Began as a Spriggan Artificer on Nov 15, 2019.
             Was a Follower of Okawaru.
             Mangled by an orc warrior
             ... wielding a +0 battleaxe
              (21 damage)
             ... on level 6 of the Dungeon on Dec 18, 2019.
             The game lasted 00:27:56 (6656 turns).

Franky the Ducker (Spriggan Artificer)              Turns: 6656, Time: 00:27:57

Health: -13/30     AC:  4    Str:  8    XL:     6   Next: 92%
Magic:  10/10      EV: 22    Int: 13    God:    Okawaru [*.....]
Gold:   176        SH:  5    Dex: 18    Spells: 5/5 levels left

rFire    . . .     SeeInvis +   a - +0 short sword
rCold    . . .     Gourm    .   (shield restricted)
rNeg     . . .     Faith    .   b - +0 robe
rPois    .         Spirit   .   (helmet restricted)
rElec    .         Reflect  +   (no cloak)
rCorr    .         Harm     .   (gloves unavailable)
MR       +....                  (boots unavailable)
Stlth    ++++......             x - +5 amulet of reflection
HPRegen  0.10/turn              B - +2 ring of protection
MPRegen  0.12/turn              y - ring of stealth

@: very quick
A: very small, unfitting armour, see invisible, herbivore, speed 3, slow
metabolism 2
a: Heroism, Renounce Religion


You were on level 6 of the Dungeon.
You worshipped Okawaru.
Okawaru was aware of your devotion.
You were not hungry.

You visited 1 branch of the dungeon, and saw 6 of its levels.

You collected 176 gold pieces.

Inventory:

Hand Weapons
 a - a +0 short sword (weapon)
Missiles
 m - 98 stones
 D - 10 poisoned darts (quivered)
Armour
 b - a +0 robe (worn)
Jewellery
 t - an uncursed ring of resist corrosion
 x - a +5 amulet of reflection (around neck)
 y - a ring of stealth (right hand)
 B - a +2 ring of protection (left hand)
 C - an uncursed amulet of the acrobat {unknown}
 F - an uncursed ring of positive energy {unknown}
 G - an uncursed ring of poison resistance {unknown}
 I - an uncursed amulet of the acrobat {unknown}
Wands
 c - a wand of flame (11)
 d - a wand of enslavement (19)
 e - a wand of random effects (15)
 w - a wand of digging (4)
 H - a wand of acid (8)
Scrolls
 g - 4 scrolls of fog
 p - a scroll of teleportation
 q - 3 scrolls of remove curse
 r - a scroll of enchant weapon {unknown}
 s - 2 scrolls of amnesia {unknown}
 v - a scroll of noise {unknown}
 z - a scroll of enchant armour {unknown}
 A - 2 scrolls of fear {unknown}
 E - 2 scrolls of identify
Potions
 h - a potion of agility
 i - a potion of cancellation
 j - a potion of magic
 k - 2 potions of flight
 l - a potion of invisibility
 n - 2 potions of lignification
 o - a potion of might {unknown}
 u - 2 potions of curing {unknown}
Comestibles
 f - 9 rations


   Skills:
 - Level 1.0 Fighting
 + Level 4.1 Short Blades
 + Level 5.9 Dodging
 + Level 5.1 Stealth
 * Level 3.5 Invocations
 - Level 4.0 Evocations


You had 5 spell levels left.
You didn't know any spells.
Your spell library was empty.

Dungeon Overview and Level Annotations

Branches:
Dungeon (6/15)
 Temple: D:4-7

Altars:
Makhleb
Nemelex Xobeh
Okawaru

Annotations:
D:5 2 transporters, exclusion: centaur, EpicUbivator's ghost, amateur MfGl


Innate Abilities, Weirdness & Mutations

You are very small and have problems with some larger weapons.
You are too small for most types of armour.
You have supernaturally acute eyesight. (SInv)
You are a herbivore.
You cover ground extremely quickly.
You need to consume almost no food.


Message History

The orc warrior is lightly wounded.
The orc wizard casts a spell.
The orc wizard blinks!
The orc warrior completely misses you.
You hit the orc warrior but do no damage.
The orc warrior is lightly wounded.
You hit the orc warrior.
The orc warrior is lightly wounded.
The orc warrior hits you with a +0 battleaxe!!
Ouch! That really hurt!
* * * LOW HITPOINT WARNING * * *
You closely miss the orc warrior.
The orc warrior is lightly wounded.
The orc warrior completely misses you.
You hit the orc warrior but do no damage.
The orc warrior is lightly wounded.
You hit the orc warrior.
The orc warrior is lightly wounded.
The orc warrior hits you with a +0 battleaxe!!
Ouch! That really hurt!
You die...

#.....# #...oh#
#.....# ########
####### #......#
#......# #......#
#......#
#.#############...o..#
#......@ooZo......)..#
############.........#
#.........#
#.......### ##'######
#.# #########'####
#..(......)..#
#............# ..


You could see an orc warrior, an orc wizard, an orc and a hound skeleton.

Vanquished Creatures
  An ice beast (D:5)
  A centaur (D:5)
  A scorpion (D:4)
  A worker ant (D:4)
  An iguana (D:4)
  An orc wizard (D:3)
  A killer bee zombie (D:5)
  A hound zombie (D:5)
  4 adders
  An ooze (D:4)
  An adder skeleton (D:4)
  A dart slug (D:2)
  A leopard gecko (D:3)
  12 orcs
  4 giant cockroaches
  9 goblins
  11 hobgoblins
  5 jackals
  3 quokkas
  2 ball pythons (D:2)
  16 bats
  6 frilled lizards
  A jackal skeleton (D:5)
  11 kobolds
  A quokka skeleton (D:4)
  15 rats
112 creatures vanquished.

Notes
Turn   | Place    | Note
-------+----------+-------------------------------------------
     0 | D:1      | Franky the Spriggan Artificer began the quest for the Orb.
     0 | D:1      | Reached XP level 1. HP: 9/9 MP: 4/4
   598 | D:1      | Reached XP level 2. HP: 14/14 MP: 6/6
  1592 | D:3      | Reached XP level 3. HP: 17/17 MP: 7/7
  2044 | D:2      | Found an iron altar of Okawaru.
  2058 | D:2      | Became a worshipper of Warmaster Okawaru
  2274 | D:2      | Reached skill level 1 in Fighting
  2274 | D:2      | Reached XP level 4. HP: 22/22 MP: 8/8
  3006 | D:3      | Found a burning altar of Makhleb.
  3006 | D:3      | Noticed a balrug
  3009 | D:3      | Noticed a neqoxec
  3009 | D:3      | Noticed an orange demon
  3642 | D:4      | Reached skill level 1 in Invocations
  3715 | D:4      | Found a sparkling altar of Nemelex Xobeh.
  3902 | D:4      | Reached XP level 5. HP: 22/25 MP: 9/9
  4069 | D:4      | Reached skill level 5 in Dodging
  5115 | D:5      | Entered Level 5 of the Dungeon
  5132 | D:5      | Noticed a centaur
  5139 | D:5      | Killed a centaur
  5139 | D:5      | Reached XP level 6. HP: 21/30 MP: 10/10
  5279 | D:5      | Found a transporter.
  5283 | D:5      | Found a transporter.
  5284 | D:5      | Noticed EpicUbivator's ghost (amateur MfGl)
  5330 | D:5      | Noticed an ice beast
  5377 | D:5      | Killed an ice beast
  5377 | D:5      | Reached * piety under Okawaru
  5377 | D:5      | Reached skill level 5 in Stealth
  6294 | D:4      | Upgraded the game from 0.25-a0-100-g33052ceff8 to
                  | 0.25-a0-189-gf71692caf1
  6396 | D:6      | Upgraded the game from 0.25-a0-189-gf71692caf1 to
                  | 0.25-a0-292-gaa31f046c4
  6396 | D:6      | Upgraded the game from 0.25-a0-292-gaa31f046c4 to
                  | 0.25-a0-294-gea9b1ad378
  6621 | D:6      | Noticed an orc warrior
  6656 | D:6      | Mangled by an orc warrior

Levels and vault maps discovered:
D:1:      dpeg_arrival_chase, layout_basic
D:2:      layout_rooms, okawaru_gym_becter, nrook_mini_vaults, minmay_mini_jars
D:3:      layout_loops_ring, makhleb_altar_promises_db, first_ration
D:4:      layout_basic, nicolae_overflow_crystal_walls
D:5:      layout_gridville, gammafunk_ghost_hive, roderic_batcave
D:6:      layout_basic, minmay_temple_entry_tees, portal_sewer_entry_c,
          supply_closet_lemuel

Skill      XL: |  1  2  3  4  5  6 |
---------------+-------------------+-----
Stealth        | 2 3 4 5 |  5.1
Short Blades   | 2 3 4 |  4.1
Dodging        | 4 5 |  5.9
Fighting       | 1 |  1.0
Invocations    | 1 2 3 |  3.5
Evocations     | |  4.0

Action                   |  1- 3 |  4- 6 || total
-------------------------+-------+-------++-------
Melee: Short sword       |    45 |   240 ||   285
Throw: Boomerang         |   130 |    42 ||   172
       Dart              |       |    72 ||    72
       Stone             |       |    36 ||    36
Evoke: Wand              |       |     4 ||     4
  Use: Scroll            |       |    12 ||    12
 Stab: Sleeping          |     8 |    12 ||    20
       Distracted        |       |     1 ||     1
  Eat: Ration            |       |     2 ||     2
Armor: Robe              |     5 |    29 ||    34
Dodge: Dodged            |    40 |   181 ||   221
Block: Other             |       |    63 ||    63
       Reflection        |       |     5 ||     5

Table legend:
 A = Non-vault XP
 B = Vault XP
 C = Vault XP percentage of total XP
 D = Non-vault monster count
 E = Vault monster count
 F = Vault count percentage of total count
                 A         B        C        D         E       F
            +---------+---------+-------+---------+---------+-------
      Total |     667 |      38 |   5.4 |      94 |      18 |  16.1
            +---------+---------+-------+---------+---------+-------
        D:1 |      27 |       0 |   0.0 |      18 |       0 |   0.0
        D:2 |      46 |      25 |  35.2 |      20 |       9 |  31.0
        D:3 |      91 |       0 |   0.0 |      31 |       0 |   0.0
        D:4 |     169 |       0 |   0.0 |      12 |       0 |   0.0
        D:5 |     331 |      13 |   3.8 |      12 |       9 |  42.9
        D:6 |       3 |       0 |   0.0 |       1 |       0 |   0.0
            +---------+---------+-------+---------+---------+-------
